Map: Pillars of Gold LE

Players

redbusman

  • Race: Terran Terran
  • League: Bronze
  • Spawn Location: 1:00

Azrael - Winner!

  • Race: Terran Terran
  • League: Silver
  • Spawn Location: 7:00

VOD

Have the link to the VOD?

Description

Time

  • Played on: July 13, 2020, 7:52 p.m.
  • Length: 38:34
Show
View Real Time Build Order
Export as new Build Order

redbusman Terran 

Build Orders:  

Get SALT Encoding   

  12  0:01  SCV  
  13  0:13  SCV  
  14  0:22  Supply Depot  
  14  0:26  SCV  
  15  0:44  SCV  
  15  0:48  Barracks  
  16  0:56  SCV  
  17  1:08  SCV  
  18  1:30  Refinery  
  18  1:43  Command Center  
  18  1:45  Orbital Command  
  18  1:50  Marine  
  19  2:05  Supply Depot  
  19  2:08  Marine  
  19  2:15  SCV  
  21  2:26  Marine  
  21  2:27  SCV  
  23  2:35  Refinery  
  23  2:39  SCV  
  23  2:42  Refinery  
  23  2:44  Marine  
  24  2:48  Factory  
  25  2:51  SCV  
  26  3:03  SCV  
  26  3:05  Barracks Reactor  
  27  3:14  Orbital Command  
  27  3:15  SCV  
  28  3:34  Supply Depot  
  28  3:35  Factory Tech Lab  
  28  3:42  Starport  
  28  3:45  Barracks  
  28  3:47  Marine x2  
  30  3:49  Barracks  
  30  4:01  SCV  
  31  4:13  SCV  
  32  4:17  Engineering Bay  
  32  4:21  Marine x2  
  34  4:25  SCV  
  34  4:28  SCV  
  36  4:37  SCV  
  37  4:39  Marine x2  
  37  4:45  Siege Tank  
  42  4:49  SCV  
  43  4:54  Barracks Tech Lab  
  43  4:57  Marine x2  
  43  4:59  Terran Infantry Armor Level 1  
  45  5:00  Barracks Tech Lab  
  45  5:03  Missile Turret  
  45  5:11  Missile Turret  
  47  5:28  Marauder x2  
  49  5:29  Marine x2  
  51  5:38  Supply Depot  
  51  5:42  Supply Depot  
  51  5:49  Marauder  
  53  6:00  Supply Depot x2, Marauder  
  53  6:03  Supply Depot  
  55  6:10  Medivac, Marauder  
  59  6:14  Marine  
  59  6:17  Marine  
  61  6:22  Marauder  
  63  6:32  Marauder  
  65  6:40  Medivac  
  65  6:46  Marine x3  
  70  6:52  Marine  
  71  7:04  Terran Infantry Weapons Level 1, Marine x3  
  74  7:10  Medivac, Marine  
  76  7:22  Marine x3  
  79  7:40  Medivac  
  81  8:10  Medivac  
  83  8:13  Combat Shield  
  83  8:15  Stimpack  
  83  8:24  Marine x4  
  87  8:29  SCV x2  
  89  8:35  Supply Depot  
  89  8:38  Supply Depot x2  
  89  8:40  Supply Depot  
  89  8:41  SCV x2  
  91  8:42  Supply Depot, Marine x3  
  94  8:56  SCV x2, Marine  
  94  9:00  Marine x3  
  100  9:08  SCV x2  
  102  9:14  Command Center, Marine  
  103  9:17  Marine  
  103  9:18  Marine x2  
  103  9:20  SCV  
  79  9:32  Marine  
  80  9:39  Marine x3  
  80  9:43  Siege Tank  
  86  9:49  Marine  
  86  9:52  Refinery  
  87  9:57  Marine x3  
  90  10:05  Command Center  
  90  10:07  Marine  
  91  10:15  Marine x3, Siege Tank  
  97  10:25  Marine  
  98  10:33  Marine x3  
  101  10:37  Armory  
  101  10:40  Armory  
  101  10:42  Planetary Fortress  
  101  10:43  Marine  
  102  10:51  Marine  
  103  11:05  Marine x3  
  103  11:08  Medivac, Marine  
  109  11:19  Engineering Bay  
  109  11:22  SCV  
  109  11:23  Marine x3  
  113  11:26  Marine  
  114  11:34  SCV, Missile Turret  
  114  11:38  Medivac  
  117  11:40  Marine x2  
  117  11:41  Marine  
  117  11:43  Missile Turret  
  117  11:44  Marine  
  117  11:47  SCV, Planetary Fortress  
  122  11:55  Missile Turret  
  122  11:58  Marine x2  
  122  11:59  SCV  
  125  12:02  Marine  
  125  12:03  Marine  
  125  12:04  Missile Turret  
  125  12:08  Medivac, Terran Infantry Weapons Level 2  
  127  12:10  Terran Infantry Armor Level 2  
  127  12:11  SCV  
  127  12:12  Terran Vehicle And Ship Armor Level 1  
  127  12:14  Terran Ship Weapons Level 1  
  130  12:16  Marine x2  
  130  12:20  Marine x2  
  134  12:34  Marine x2  
  136  12:38  Marine x2, Liberator  
  141  12:52  Marine x2  
  141  12:56  Marine x2  
  111  13:14  Marine  
  96  13:21  Liberator  
  80  13:34  Marine x2  
  80  13:35  Marine x2  
  84  13:49  Refinery  
  84  13:52  SCV, Marine x3  
  84  13:53  Marine  
  84  13:54  Refinery  
  89  13:56  SCV  
  90  14:03  Liberator  
  90  14:04  SCV  
  90  14:08  SCV  
  95  14:10  Marine x4  
  95  14:16  SCV  
  100  14:20  SCV  
  101  14:28  SCV, Marine x4  
  106  14:33  SCV  
  107  14:40  SCV  
  107  14:45  SCV  
  109  14:46  Liberator  
  109  14:50  Siege Tank  
  115  14:53  Terran Infantry Armor Level 3  
  115  14:54  Terran Infantry Weapons Level 3  
  91  15:22  Siege Tank  
  91  15:27  Marine x4  
  92  15:29  Liberator  
  92  15:34  Barracks  
  92  15:35  Barracks  
  92  15:37  Barracks  
  92  15:38  Barracks  
  89  15:44  Marine x2  
  89  15:45  Marine x2  
  93  15:54  Siege Tank  
  93  15:55  SCV  
  97  16:02  Marine x3  
  97  16:03  Marine  
  101  16:07  SCV  
  101  16:09  Refinery  
  102  16:13  Refinery  
  102  16:19  SCV  
  102  16:20  Marine x5  
  108  16:25  Marine  
  108  16:26  Marine  
  108  16:31  SCV, Medivac  
  113  16:38  Marine x5  
  118  16:43  SCV, Marine x2  
  121  16:56  Marine x5  
  126  17:01  Medivac, Marine x2  
  130  17:09  Command Center  
  130  17:12  SCV  
  130  17:14  Marine x5  
  136  17:18  Supply Depot  
  136  17:19  Marine x2  
  136  17:21  Supply Depot x2, Command Center  
  138  17:24  SCV  
  139  17:31  Medivac  
  139  17:32  Marine  
  139  17:35  Barracks Reactor  
  139  17:36  SCV  
  143  17:44  Barracks Reactor  
  143  17:48  SCV  
  143  17:50  Barracks Reactor  
  144  17:55  Barracks Reactor  
  144  18:00  SCV  
  144  18:01  Medivac, Marine x4  
  151  18:12  SCV  
  152  18:18  Marine  
  153  18:20  Neosteel Armor  
  153  18:22  Hi-Sec Auto Tracking  
  153  18:25  Terran Vehicle Weapons Level 1  
  153  18:26  Terran Vehicle And Ship Armor Level 2  
  153  18:31  Medivac  
  155  18:48  Marine x4  
  155  18:49  Marine x8  
  167  19:06  Marine x5  
  167  19:07  Marine x7  
  169  19:24  Marine x7  
  142  19:25  Marine x5  
  154  19:38  Planetary Fortress  
  154  19:42  Missile Turret, Marine x8  
  154  19:43  Marine x4  
  166  19:53  Missile Turret  
  166  19:55  Planetary Fortress  
  166  19:59  Marine x2  
  166  20:00  Marine x8  
  166  20:01  Marine x2  
  166  20:03  Missile Turret  
  178  20:12  Command Center  
  178  20:14  Missile Turret  
  178  20:17  Marine x3  
  178  20:18  Marine x8  
  178  20:19  Marine  
  189  20:35  Marine x5  
  190  20:36  Marine x6  
  200  20:53  Marine x6  
  200  20:54  Marine x3  
  146  21:12  Marine x2  
  146  21:13  Marine x8  
  146  21:14  Marine x2  
  158  21:30  SCV, Marine x4  
  158  21:31  Marine x7  
  170  21:41  Starport  
  170  21:42  SCV  
  170  21:46  Starport  
  146  21:54  SCV  
  138  22:03  Terran Vehicle And Ship Armor Level 3  
  138  22:04  Terran Ship Weapons Level 2  
  138  22:06  SCV  
  139  22:14  Starport  
  139  22:18  SCV, Starport  
  140  22:25  Fusion Core  
  140  22:27  Planetary Fortress  
  140  22:34  Missile Turret  
  140  22:39  SCV  
  141  22:48  SCV  
  141  22:51  SCV  
  143  22:54  Missile Turret  
  143  22:55  Refinery  
  143  23:00  SCV  
  143  23:03  SCV  
  143  23:04  Starport Reactor  
  145  23:07  Starport Tech Lab  
  145  23:08  Starport Tech Lab  
  145  23:10  Starport Tech Lab  
  145  23:12  SCV  
  146  23:15  SCV  
  146  23:18  Starport Tech Lab  
  147  23:24  SCV  
  147  23:26  Battlecruiser  
  154  23:27  SCV  
  149  23:34  Weapon Refit  
  149  23:36  SCV  
  131  24:10  Starport Tech Lab  
  131  24:12  Battlecruiser x2  
  131  24:13  Battlecruiser  
  149  24:26  Refinery  
  149  24:29  Refinery  
  149  24:30  Battlecruiser  
  155  24:39  Refinery  
  155  24:45  Refinery  
  155  24:48  SCV  
  155  24:49  Refinery  
  156  24:53  Battlecruiser  
  162  25:00  SCV  
  163  25:11  Terran Ship Weapons Level 3  
  163  25:12  SCV  
  163  25:13  Terran Vehicle Weapons Level 2  
  164  25:16  Battlecruiser  
  164  25:17  Battlecruiser x2  
  182  25:24  SCV  
  183  25:34  Battlecruiser  
  189  25:37  SCV  
  177  25:58  Battlecruiser  
  157  26:21  Battlecruiser x3  
  175  26:39  Battlecruiser  
  176  27:02  Battlecruiser  
  138  27:25  Battlecruiser x3  
  132  27:43  Battlecruiser  
  126  28:06  Battlecruiser  
  132  28:13  Starport  
  132  28:21  Starport  
  132  28:24  Starport  
  132  28:26  Starport  
  132  28:29  Battlecruiser x2  
  132  28:30  Battlecruiser  
  132  28:32  Missile Turret  
  132  28:33  Missile Turret  
  150  28:39  Missile Turret  
  150  28:43  Missile Turret x2  
  150  28:45  Missile Turret  
  150  28:47  Battlecruiser  
  156  28:52  Missile Turret  
  156  28:58  Missile Turret  
  156  29:10  Battlecruiser  
  162  29:33  Battlecruiser  
  162  29:34  Battlecruiser x2  
  180  29:51  Battlecruiser  
  186  30:00  Command Center  
  186  30:06  Command Center  
  186  30:21  Command Center  
  186  30:22  Battlecruiser  
  192  30:38  Battlecruiser  
  186  31:27  Battlecruiser  
  162  31:53  Missile Turret  
  162  31:55  Missile Turret  
  162  31:57  Missile Turret  
  162  31:58  Missile Turret  
  162  32:00  Missile Turret  
  162  32:05  Missile Turret  
  162  32:06  Battlecruiser, Missile Turret  
  168  32:08  Viking x2  
  168  32:09  Viking  
  174  32:29  Refinery  
  174  32:30  Refinery  
  174  32:31  Viking  
  174  32:38  Viking x3  
  174  33:01  Viking  
  176  33:08  Viking x3  
  176  33:10  Viking  
  126  33:31  Viking  
  106  33:38  Viking x3  
  106  33:40  Viking  
  90  34:00  Viking  
  82  34:11  Missile Turret  
  82  34:12  Missile Turret x2  
  82  34:13  Missile Turret x2  
  82  34:15  Missile Turret  
  82  34:16  Missile Turret  
  82  34:17  Missile Turret  
  82  34:25  Battlecruiser x3  
  82  34:28  Viking  
  82  34:30  Viking  
  104  34:58  Viking  
  106  35:00  Viking  
  106  35:02  Missile Turret  
  106  35:03  Missile Turret  
  106  35:07  Missile Turret  
  108  35:08  Missile Turret  
  108  35:09  Missile Turret  
  97  35:28  Viking  
  99  35:29  Viking x3  
  99  35:30  Viking  
  107  35:36  Viking x2  
  107  35:37  Viking x2  
  115  35:58  Viking  
  115  35:59  Viking x3  
  115  36:00  Viking  
  125  36:06  Viking  
  127  36:28  Viking x2  
  127  36:29  Viking x2  
  127  36:30  Viking  
  135  36:58  Viking  
  135  36:59  Viking  
  105  37:54  Command Center  
  105  37:57  Viking x4  
  105  37:58  Viking x2  
  117  38:02  Command Center  
Show
View Real Time Build Order
Export as new Build Order

Azrael Terran - Winner!

Build Orders: Mech 

Get SALT Encoding   

  12  0:26  Supply Depot  
  12  0:34  SCV, Supply Depot  
  13  0:41  Supply Depot  
  13  0:47  SCV  
  14  1:05  Barracks  
  14  1:09  SCV  
  15  1:22  SCV  
  16  1:29  Refinery  
  16  1:34  SCV, Refinery  
  17  1:46  SCV  
  18  1:56  Marine  
  18  1:58  SCV  
  20  2:10  SCV  
  21  2:22  SCV  
  22  2:34  SCV  
  22  2:36  Marine  
  24  2:45  Engineering Bay  
  24  2:46  SCV  
  25  2:54  Marine  
  26  2:58  SCV  
  27  3:10  SCV  
  27  3:12  Command Center, Marine  
  29  3:16  Terran Infantry Armor Level 1  
  29  3:25  Factory  
  29  3:33  Orbital Command  
  29  3:42  Marine  
  30  4:00  Marine  
  31  4:11  Factory Tech Lab  
  31  4:17  Marine  
  32  4:25  Starport  
  32  4:30  Armory  
  32  4:35  SCV  
  32  4:36  Siege Tank  
  36  4:41  SCV  
  37  4:49  SCV  
  38  4:53  SCV  
  39  5:01  SCV  
  39  5:05  SCV  
  39  5:06  Marine  
  42  5:08  Siege Tank  
  42  5:11  Terran Infantry Weapons Level 1  
  42  5:13  SCV  
  46  5:17  SCV  
  47  5:23  Marine  
  47  5:25  SCV  
  49  5:29  SCV  
  50  5:42  SCV  
  51  5:47  Command Center  
  51  5:58  Refinery  
  51  6:00  Refinery  
  51  6:04  Planetary Fortress  
  51  6:07  Siege Tank  
  51  6:10  Terran Ship Weapons Level 1  
  54  6:16  Supply Depot  
  54  6:17  Supply Depot  
  54  6:20  Supply Depot  
  54  6:22  Supply Depot  
  54  6:30  Starport Tech Lab  
  54  6:40  SCV  
  55  6:52  SCV  
  56  6:55  Marine  
  57  7:04  SCV  
  57  7:05  Neosteel Armor  
  58  7:09  SCV  
  58  7:13  Marine  
  60  7:16  SCV  
  60  7:21  SCV  
  62  7:27  Smart Servos  
  62  7:29  SCV  
  63  7:31  Marine  
  63  7:33  SCV  
  63  7:36  Missile Turret  
  65  7:39  Missile Turret  
  65  7:40  Missile Turret  
  65  7:41  SCV, Missile Turret  
  65  7:43  Missile Turret  
  66  7:45  SCV  
  66  7:48  Missile Turret, Marine  
  68  7:53  SCV  
  68  7:58  Cyclone  
  72  8:03  Viking  
  74  8:06  Marine  
  74  8:11  SCV  
  76  8:23  SCV  
  77  8:27  Missile Turret  
  77  8:28  Marine  
  77  8:30  Hellion  
  77  8:33  Medivac  
  82  8:36  SCV, Terran Vehicle And Ship Armor Level 1  
  83  8:44  Missile Turret  
  83  8:45  Hi-Sec Auto Tracking  
  83  8:46  Infernal Pre-Igniter, Marine  
  83  8:47  Missile Turret  
  83  8:48  SCV  
  85  8:51  Hellbat, Missile Turret  
  87  8:58  Supply Depot  
  87  8:59  Supply Depot  
  87  9:00  SCV, Supply Depot  
  88  9:02  Supply Depot  
  88  9:03  Viking  
  88  9:04  Supply Depot, Marine  
  91  9:12  Thor  
  91  9:15  SCV  
  98  9:22  Marine  
  99  9:27  SCV, Hyperflight Rotors  
  100  9:33  Medivac  
  102  9:39  SCV  
  102  9:40  Marine  
  102  9:43  Missile Turret  
  104  9:45  Missile Turret  
  104  9:48  Missile Turret  
  104  9:51  SCV  
  105  9:55  Siege Tank  
  108  10:02  Marine, Banshee  
  108  10:03  SCV  
  113  10:15  Factory  
  113  10:20  Marine, Factory  
  114  10:27  Missile Turret, Siege Tank  
  114  10:28  Missile Turret  
  117  10:36  Starport  
  117  10:37  Starport  
  117  10:38  Marine  
  117  10:41  Terran Vehicle Weapons Level 1  
  118  10:43  Terran Infantry Armor Level 2  
  118  10:56  Marine  
  119  10:57  Fusion Core  
  119  11:00  Hellion  
  121  11:11  SCV  
  121  11:14  Marine  
  121  11:15  Refinery  
  121  11:17  Refinery  
  123  11:21  Siege Tank  
  123  11:22  Factory Tech Lab  
  123  11:23  SCV, Factory Reactor  
  127  11:35  SCV, Barracks  
  127  11:37  Barracks  
  128  11:41  Barracks  
  128  11:48  SCV  
  128  11:49  Missile Turret  
  128  11:52  Missile Turret  
  128  11:53  Missile Turret  
  129  11:58  Missile Turret  
  129  12:00  SCV  
  130  12:04  Thor, Siege Tank  
  139  12:12  Starport Reactor, Starport Tech Lab  
  139  12:20  Starport  
  139  12:30  Barracks Tech Lab  
  139  12:33  Barracks Reactor  
  139  12:34  Terran Ship Weapons Level 2  
  139  12:38  Barracks Reactor  
  139  12:41  SCV  
  140  12:54  SCV  
  141  12:59  Terran Infantry Weapons Level 2  
  140  13:06  SCV  
  122  13:18  SCV  
  86  13:28  Marine  
  86  13:30  SCV  
  88  13:35  Viking x2, Battlecruiser  
  88  13:37  Battlecruiser, Viking  
  106  13:42  Marauder  
  106  13:43  Marine x4  
  106  13:46  Marine  
  113  13:50  Siege Tank  
  113  13:51  Hellion x2  
  113  13:52  Hellion  
  122  14:00  SCV  
  122  14:01  Marine x2  
  125  14:04  Marauder, Marine  
  128  14:13  Hellion x3  
  128  14:14  Missile Turret  
  128  14:16  Missile Turret  
  134  14:17  Missile Turret  
  134  14:18  Missile Turret  
  134  14:20  Missile Turret  
  134  14:21  Marine  
  134  14:22  Hellion, Missile Turret x2  
  137  14:25  Marauder, Missile Turret  
  137  14:26  Missile Turret  
  139  14:34  Hellion  
  141  14:44  Supply Depot  
  141  14:47  Supply Depot  
  141  14:48  Supply Depot  
  141  14:49  Command Center  
  141  14:55  Terran Ship Weapons Level 3  
  141  15:06  Battlecruiser, Hellion  
  149  15:08  Marine  
  149  15:09  Hellion x2, Marauder  
  149  15:10  Battlecruiser, Hellion  
  149  15:11  Supply Depot  
  140  15:15  Terran Infantry Armor Level 3  
  130  15:30  Marauder  
  129  15:44  Viking x3  
  135  15:50  Marine x4  
  135  15:52  Marauder  
  141  16:09  Planetary Fortress  
  141  16:10  Viking  
  143  16:13  Marauder  
  143  16:14  Viking x3, Battlecruiser, Refinery  
  143  16:17  Refinery  
  157  16:30  Siege Tank x2  
  157  16:31  Hellion  
  157  16:32  Hellbat  
  167  16:40  Battlecruiser  
  173  16:58  SCV  
  174  17:02  Planetary Fortress, Cyclone x2  
  180  17:10  SCV  
  181  17:16  Command Center  
  181  17:17  Refinery  
  181  17:19  Refinery  
  181  17:22  Missile Turret x2  
  181  17:23  Missile Turret x2  
  181  17:24  Missile Turret x2  
  181  17:25  Missile Turret  
  181  17:28  Missile Turret  
  181  17:37  Missile Turret  
  181  17:41  Terran Vehicle And Ship Armor Level 2  
  181  17:52  Terran Infantry Weapons Level 3  
  181  18:00  Supply Depot  
  181  18:09  Supply Depot  
  181  18:10  Supply Depot  
  181  18:15  Missile Turret x2  
  181  18:17  Missile Turret x2  
  181  18:18  Missile Turret  
  181  18:21  Missile Turret  
  181  18:23  Missile Turret  
  181  18:26  Missile Turret x2  
  181  18:30  Planetary Fortress  
  181  18:48  SCV  
  182  19:00  SCV  
  183  19:02  Missile Turret  
  183  19:03  Missile Turret x2  
  183  19:04  Missile Turret x3  
  183  19:06  Missile Turret  
  183  19:12  SCV  
  179  19:24  SCV  
  179  19:29  SCV  
  181  19:36  SCV  
  182  19:41  SCV  
  183  20:12  SCV  
  184  20:19  Command Center  
  184  20:24  SCV  
  185  20:36  SCV  
  185  20:40  Command Center  
  186  20:45  Missile Turret  
  186  20:48  SCV  
  186  20:49  Missile Turret  
  186  20:50  Missile Turret  
  186  20:54  Missile Turret x3  
  186  20:55  Missile Turret x3  
  186  20:56  Missile Turret  
  169  21:00  SCV  
  158  21:13  Siege Tank  
  158  21:14  Siege Tank  
  158  21:17  Hellion x2  
  168  21:20  Marine x2  
  168  21:21  Marine x3  
  168  21:24  Medivac x2  
  189  21:25  Battlecruiser x2  
  189  21:27  Viking  
  189  21:30  Terran Vehicle Weapons Level 2  
  191  21:38  Hellion x2, Marine x2  
  197  21:46  Siege Tank x2  
  197  21:54  Viking  
  197  22:00  Hellion x2  
  197  22:18  Siege Tank  
  200  22:33  Planetary Fortress  
  200  22:39  Planetary Fortress  
  200  23:16  Missile Turret  
  200  23:19  Missile Turret  
  200  23:22  Refinery  
  200  23:23  Missile Turret, Refinery  
  200  23:25  Missile Turret x2  
  200  23:26  Missile Turret x2  
  200  23:27  Missile Turret x2  
  200  23:29  Missile Turret  
  200  23:46  Terran Vehicle And Ship Armor Level 3  
  200  24:58  Missile Turret  
  200  25:02  Missile Turret  
  200  25:04  Missile Turret x3  
  200  25:06  Missile Turret x2  
  200  25:15  Missile Turret x2  
  200  25:18  Missile Turret  
  200  25:21  Missile Turret  
  200  25:22  Missile Turret  
  200  25:24  Missile Turret  
  200  25:40  Missile Turret  
  200  25:41  Missile Turret  
  200  25:43  Missile Turret  
  200  25:44  Missile Turret  
  200  25:45  Missile Turret x2  
  200  25:47  Missile Turret x2  
  200  25:48  Missile Turret  
  200  25:49  Missile Turret  
  200  25:53  Cloaking Field, Missile Turret  
  200  25:55  Combat Shield  
  200  26:23  Terran Vehicle Weapons Level 3  
  200  26:43  Refinery  
  200  26:45  Refinery  
  186  27:14  Concussive Shells  
  164  27:19  Viking x5  
  164  27:22  Marine x5  
  170  27:26  Cyclone x2  
  179  27:40  Marine x3  
  182  27:49  Viking x5  
  192  27:53  Hellion  
  192  27:54  Hellion  
  192  27:58  Cyclone  
  199  28:12  Rapid Reignition System  
  199  29:09  Advanced Ballistics  
  186  29:50  Battlecruiser x2  
  198  30:28  Weapon Refit  
  169  31:57  Banshee x2  
  169  31:58  Liberator x3  
  184  32:04  Cyclone x2  
  184  32:06  Hellion x2  
  194  32:27  Hellion x2  
  198  32:40  Viking  
  167  33:16  Viking x2  
  167  33:17  Viking x3  
  177  33:20  Marine  
  177  33:21  Marine x4  
  170  33:38  Marine x2  
  170  33:39  Marine x2  
  174  33:46  Viking x2  
  174  33:47  Viking x3  
  152  34:16  Viking x2, Marine x2  
  152  34:17  Viking x3, Marine x3  
  160  34:20  Cyclone  
  160  34:21  Cyclone  
  160  34:22  Hellion x2  
  177  34:34  Marine x3  
  177  34:35  Marine x2  
  182  34:43  Hellbat  
  182  34:44  Hellion  
  186  34:46  Viking  
  186  34:47  Battlecruiser x2  
  189  35:05  Hellion, Hellbat  
  172  35:23  Viking x2  
  172  35:24  Viking  
  172  35:26  Hellbat  
  180  35:32  Marine x4  
  180  35:33  Marine  
  185  35:50  Marine x3  
  185  35:51  Battlecruiser x2  
  185  35:53  Missile Turret  
  185  35:54  Missile Turret  
  185  35:55  Missile Turret  
  185  35:56  Missile Turret x3  
  200  35:57  Missile Turret x2  
  200  36:02  Missile Turret x2  
  200  36:03  Missile Turret  
  200  36:06  Missile Turret  
  200  36:07  Missile Turret x2  
  200  36:37  Hellion x2  
  196  36:55  Banshee  
  142  37:44  Viking x2  
  142  37:48  Marine x5  
  163  37:53  Hellion x4  
  171  38:06  Marine x5  
Tags
 
Composition
Mech
Matchup
TvT
Race
Terran
Spawn Locations
Cross Positions
Add a new tag
Caveats
  • Supply blocks, unpowered buildings, or Contaminate may cause inaccurate times.
  • Supply counts are checked every 10 seconds.